 Dungeon Crawl Stone Soup version 0.31.0-32-g396128a36d (webtiles) character file.

Game seed: 13140839229812366835

1564 Kaboulah the Skirmisher (level 8, -4/48 HPs)
             Began as a Deep Elf Hunter on Mar 13, 2024.
             Slain by a water moccasin (5 damage)
             ... on level 6 of the Dungeon on Mar 14, 2024.
             The game lasted 00:58:33 (5714 turns).

Kaboulah the Skirmisher (Deep Elf Hunter)           Turns: 5714, Time: 00:58:35

Health: -4/48      AC: 11    Str:  8    XL:     8   Next: 58%
Magic:  10/10      EV:  9    Int: 15    God:
Gold:   263        SH:  0    Dex: 20    Spells: 7/7 levels left

rFire   . . .        t - +0 arbalest
rCold   . . .        (shield currently unavailable)
rNeg    . . .        n - +0 scale mail
rPois   .            (no helmet)
rElec   .            (no cloak)
rCorr   .            (no gloves)
SInv    .            c - +0 pair of boots
Will    .....        (no amulet) Stlth
                     i - +4 ring of protection
HPRegen 0.28/turn    (no ring)
MPRegen 0.12/turn

%: no passive effects
@: confused, lethally poisoned (-4 -> -18), ambrosia-drunk
A: no striking features
a: no special abilities


You were on level 6 of the Dungeon.
You visited 1 branch of the dungeon, and saw 6 of its levels.

You collected 263 gold pieces.

Inventory:

Hand Weapons
 a - a +0 shortbow
 t - a +0 arbalest (weapon)
Armour
 c - a +0 pair of boots (worn)
 n - a +0 scale mail (worn)
Magical Staves
 d - a staff of earth
 v - a staff of fire
Jewellery
 i - a +4 ring of protection (left hand)
 w - a ring of protection from fire
Talismans
 j - a flux talisman
Wands
 b - a wand of flame (11)
 l - a wand of paralysis (19)
Scrolls
 g - a scroll of noise {unknown}
 k - a scroll of enchant armour {unknown}
 m - a scroll of teleportation {unknown}
 r - a scroll of immolation {unknown}
 s - a scroll of revelation {unknown}
Potions
 e - a potion of enlightenment {unknown}
 f - a potion of mutation {unknown}
 h - 2 potions of invisibility
 o - 2 potions of brilliance
 p - 2 potions of cancellation
 q - a potion of lignification {unknown}
 u - a potion of haste {unknown}
 z - a potion of berserk rage {unknown}


   Skills:
 + Level 3.9 Fighting
 + Level 12.8 Ranged Weapons
 - Level 2.0 Armour
 + Level 3.7 Dodging
 + Level 1.9 Stealth


You had 7 spell levels left.
You didn't know any spells.
Your spell library contained the following spells:

 Spells                   Type           Power      Damage    Failure   Level
 Ensorcelled Hibernation  Hex/Ice        0%         N/A       98%         2
 Ozocubu's Armour         Ice            0%         N/A       100%        3
 Passwall                 Erth           0%         N/A       100%        3
 Swiftness                Air            0%         N/A       100%        3
 Manifold Assault         Tloc           0%         N/A       100%        4
 Metabolic Englaciation   Hex/Ice        0%         N/A       100%        5
 Dispersal                Tloc           0%         N/A       100%        6
 Sculpt Simulacrum        Ice/Alch       0%         N/A       100%        6
 Disjunction              Tloc           0%         N/A       100%        8


Dungeon Overview and Level Annotations

Branches:
Dungeon (6/15)
 Temple: D:4-7

Altars:


Message History

The water moccasin poisons you!
You shoot a bolt. The bolt hits the water moccasin!!
The water moccasin is severely wounded.
You feel very sick.
The water moccasin bites you but does no damage.
The water moccasin bites you.
You shoot a bolt.
The bolt closely misses the water moccasin.
You feel very sick. The water moccasin bites you. x2
You shoot a bolt.
The bolt hits the water moccasin but does no damage.
The water moccasin is severely wounded.
You feel very sick. The water moccasin bites you.
You are more poisoned.
The water moccasin poisons you!
The water moccasin bites you but does no damage.
The water moccasin barely misses you.
You shoot a bolt.
The bolt barely misses the water moccasin.
You feel extremely sick. The water moccasin bites you!
* * * LOW HITPOINT WARNING * * *
The water moccasin bites you but does no damage.
You shoot a bolt. The bolt misses the water moccasin.
* * * LOW HITPOINT WARNING * * *
You feel very sick. The water moccasin bites you.
* * * LOW HITPOINT WARNING * * *
You are more poisoned.
The water moccasin poisons you!
The water moccasin bites you but does no damage.
You are confused.
You feel invigorated.
* * * LOW HITPOINT WARNING * * *
You feel very sick.
The water moccasin bites you but does no damage.
The water moccasin bites you.
You die...

######### #.......#
#.#####.########
#)#####.##.....#
#.##..........>#
#.##.##........######
#.##................#
#.......#......####.#
####@####......# #.#
#S..##.###### #.#
#.#.##.# #.. #.#.#...
### #.. .... #
........ # .##.#....
# . #.#... #.. #..


You could see a water moccasin.

Vanquished Creatures
  Edmund (D:4)
  An orc warrior (D:6)
  An ice beast (D:4)
  A bullfrog (D:5)
  The ghost of spaghetti the Grave Robber, an amateur VSNe (D:4)
  A gnoll sergeant (D:5)
  2 scorpions (D:5)
  3 howler monkeys (D:5)
  5 hounds
  2 bombardier beetles
  3 jellies
  A gnoll bouda (D:5)
  A sleepcap (D:3)
  2 iguanas
  Natasha (thrice) (D:4)
  8 adders
  14 gnolls
  A white imp (D:6)
  A dart slug (D:2)
  2 ribbon worms
  31 orcs
  5 ball pythons
  8 endoplasms
  3 giant cockroaches
  3 goblins
  4 hobgoblins
  19 jackals
  9 kobolds
  3 quokkas
  6 bats
  5 frilled lizards
  7 rats
157 creatures vanquished.

Notes
Turn   | Place    | Note
-------+----------+-------------------------------------------
     0 | D:1      | Kaboulah the Deep Elf Hunter began the quest for the Orb.
     0 | D:1      | Reached XP level 1. HP: 12/12 MP: 3/3
   194 | D:1      | Reached XP level 2. HP: 16/16 MP: 4/4
   203 | D:1      | Found a faded altar of an unknown god.
   237 | D:1      | Reached skill level 6 in Ranged Weapons
   800 | D:1      | Reached XP level 3. HP: 20/20 MP: 5/5
  1003 | D:2      | Reached skill level 7 in Ranged Weapons
  1164 | D:2      | Reached XP level 4. HP: 26/26 MP: 6/6
  1972 | D:3      | Reached XP level 5. HP: 23/30 MP: 7/7
  2285 | D:4      | Noticed Natasha
  2292 | D:4      | Reached skill level 8 in Ranged Weapons
  2298 | D:4      | Killed Natasha
  2387 | D:4      | You fall into a shaft and drop 1 floor!
  2387 | D:5      | Entered Level 5 of the Dungeon
  2415 | D:4      | Reached skill level 1 in Armour
  2472 | D:4      | Noticed Edmund
  2699 | D:4      | Found a runed translucent gate.
  2699 | D:4      | Noticed spaghetti's ghost (amateur VSNe)
  2703 | D:4      | Found a runed translucent gate.
  2704 | D:4      | Found a runed translucent gate.
  3020 | D:4      | Noticed Natasha
  3025 | D:4      | Killed Natasha
  3026 | D:4      | Reached XP level 6. HP: 27/35 MP: 8/8
  3406 | D:4      | Killed Edmund
  3407 | D:4      | Reached skill level 9 in Ranged Weapons
  3553 | D:4      | Noticed Natasha
  3556 | D:4      | Killed Natasha
  3988 | D:4      | Killed spaghetti's ghost
  3989 | D:4      | Reached XP level 7. HP: 36/40 MP: 9/9
  4161 | D:5      | Reached skill level 10 in Ranged Weapons
  4437 | D:5      | Reached skill level 11 in Ranged Weapons
  4628 | D:4      | Reached XP level 8. HP: 46/46 MP: 10/10
  4760 | D:5      | Paralysed by an orc for 2 turns
  5194 | D:5      | Reached skill level 12 in Ranged Weapons
  5713 | D:6      | HP: 1/48 [water moccasin (3)]
  5714 | D:6      | Slain by a water moccasin

Illustrated notes

Levels and vault maps discovered:
D:1:      lightli_arrival_isolated_outpost, layout_basic,
          shapermc_ecumenical_altar_ellora
D:2:      layout_rooms
D:3:      layout_basic, serial_rivers, chequers_serial_rivers_small_3,
          chequers_serial_rivers_small_3, chequers_serial_rivers_room_b,
          chequers_serial_rivers_small_b, chequers_serial_rivers_micro_a,
          kennysheep_another_room
D:4:      layout_loops_corners, gammafunk_ghost_split, uniq_edmund, uniq_natasha
D:5:      lemuel_castle_with_subvaults [lemuel_castle_interior_carwin_2],
          layout_cave_pools
D:6:      layout_loops_cross, palyth_stone_intersect, st_stairs_2, minivault_23,
          uniq_pikel

Skill      XL: |  1  2  3  4  5  6  7  8 |
---------------+-------------------------+-----
Ranged Weapons | 6 7 8 9 11 12 | 12.8
Fighting       | 2 3 |  3.9
Dodging        | 3 |  3.7
Armour         | 1 2 |  2.0
Stealth        | |  1.9

Action                     |  1- 3 |  4- 6 |  7- 9 || total
---------------------------+-------+-------+-------++-------
   Fire: Shortbow          |   110 |   202 |   132 ||   444
         Arbalest          |       |       |    76 ||    76
    Use: Scroll            |       |     6 |       ||     6
         Potion            |       |     3 |     1 ||     4
 Armour: Leather armour    |    23 |     7 |       ||    30
         Scale mail        |       |    99 |    95 ||   194
  Dodge: Dodged            |    25 |    63 |    45 ||   133
